 Dungeon Crawl Stone Soup version 0.32-a0-630-g46d191b0ed (webtiles) character file.

Game seed: 14308664307426732120

135 MachoJfn the Chopper (level 4, -1/34 HPs)
             Began as a Demonspawn Gladiator on Mar 6, 2024.
             Was a Believer of Lugonu.
             Slain by a gnoll sergeant
             ... wielding a +0 trident
              (4 damage)
             ... on level 4 of the Dungeon.
             The game lasted 00:08:36 (2780 turns).

MachoJfn the Chopper (Demonspawn Gladiator)         Turns: 2780, Time: 00:08:36

Health: -1/34      AC:  7    Str: 17    XL:     4   Next: 96%
Magic:  0/4        EV: 13    Int:  8    God:    Lugonu [**....]
Gold:   123        SH:  4    Dex: 16    Spells: 3/3 levels left

rFire   . . .        a - +0 war axe
rCold   . . .        (no shield)
rNeg    . . .        l - +2 leather armour "Gocerphyk" {Dex+2}
rPois   .            (helmet restricted)
rElec   .            (no cloak)
rCorr   .            r - +0 pair of gloves
SInv    +            j - +0 pair of boots
Will    .....        o - amulet of guardian spirit
Stlth   +            h - ring of see invisible
HPRegen 0.25/turn    (no ring)
MPRegen 0.09/turn

%: guardian spirit
@: invisible
A: horns 1, condensation shield
a: Renounce Religion, Depart the Abyss, Banish


You were on level 4 of the Dungeon.
You worshipped Lugonu.
Lugonu was pleased with you.
You visited 1 branch of the dungeon, and saw 4 of its levels.

You collected 123 gold pieces.

Inventory:

Hand Weapons
 a - a +0 war axe (weapon)
Missiles
 d - 4 throwing nets (quivered)
 e - a javelin
 g - 31 stones
 m - 2 poisoned darts
Armour
 j - a +0 pair of boots (worn)
 l - the +2 leather armour "Gocerphyk" (worn) {Dex+2}
   (You found it on level 2 of the Dungeon)

   Dex+2:     It affects your dexterity (+2).
 r - a +0 pair of gloves (worn)
Jewellery
 h - a ring of see invisible (left hand)
 o - an amulet of guardian spirit (around neck)
Scrolls
 c - a scroll of fear
 k - 2 scrolls of teleportation
 n - 2 scrolls of identify
 q - a scroll of fog {unknown}
Potions
 b - a potion of attraction
 f - 2 potions of degeneration
 p - a potion of brilliance {unknown}


   Skills:
 + Level 2.6 Fighting
 + Level 3.9 Axes
 - Level 1.7 Throwing
 + Level 1.6 Armour
 + Level 3.3 Dodging
 + Level 0.4 Stealth
 + Level 0.2 Shields


You had 3 spell levels left.
You didn't know any spells.
Your spell library contained the following spells:

 Spells                   Type           Power      Damage    Failure   Level
 Sting                    Conj/Alch      0%         1d3       45%         1
 Mercury Vapours          Alch/Air       0%         N/A       61%         2
 Dazzling Flash           Conj/Hex       0%         N/A       83%         3
 Volatile Blastmotes      Fire/Tloc      0%         2d10      83%         3
 Olgreb's Toxic Radiance  Alch           0%         N/A       99%         4
 Starburst                Conj/Fire      0%         6d3       100%        6
 Maxwell's Capacitive Co  Air            0%         ∞         100%        8


Dungeon Overview and Level Annotations

Branches:
Dungeon (4/15)
 Temple: D:4-7

Altars:
Hepliaklqana
Makhleb
Uskayaw
Lugonu

Shops:
D:2 (


Innate Abilities, Weirdness & Mutations

You have a pair of small horns on your head.
A meltable shield of frost defends you. (SH +4)


Message History

You block the gnoll's attack. The orc barely misses you.
The gnoll closely misses you.
The howler monkey hits you but does no damage.
The gnoll hits you from afar with a +0 halberd.
The gnoll hits you with a +0 whip. The gnoll hits you but does no damage.
The gnoll hits you with a +0 halberd. The gnoll misses you.
You slash the gnoll!
The gnoll is almost dead.
You hit the howler monkey but do no damage.
You hit the gnoll.
The howler monkey hits you but does no damage.
The gnoll misses you. The gnoll hits you with a +0 halberd!
The gnoll misses you.
The gnoll sergeant hits you from afar with a +0 trident.
You hit the gnoll.
You kill the gnoll!
Lugonu accepts your kill.
You hit the howler monkey but do no damage.
You hit the gnoll. x2
The howler monkey completely misses you.
The gnoll hits you with a +0 whip!
* * * LOW HITPOINT WARNING * * *
The gnoll barely misses you.
The gnoll sergeant hits you from afar with a +0 trident.
* * * LOW HITPOINT WARNING * * *
The gnoll barely misses you.
The howler monkey completely misses you.
An iguana comes into view.
You fade into invisibility!
The gnoll barely misses you. The gnoll closely misses you.
The gnoll sergeant barely misses you. The gnoll misses you.
The howler monkey misses you. The gnoll closely misses you.
The gnoll sergeant closely misses you.
You see here a +0 halberd.
The gnoll closely misses you.
The gnoll hits you from afar with a +0 spear.
* * * LOW HITPOINT WARNING * * *
The gnoll sergeant hits you with a +0 trident.
You die...

#####<## ...
#......# #...
#.###..# #....
##.##...####.....
............'..[..
###..l....o.#.....
#...≈≈.§≈g..#....
#..§$.≈.≈gg§..#
#..≈≈...@h≈≈..#
......._.gg.......
...§≈.....§§..##..
..≈..≈.≈.§≈..# .
#...≈≈.≈≈§.§##
##..........#
##..........
#########.##


You could see a gnoll sergeant (unable to see you), a howler monkey (unable to
see you), an iguana (wandering, unable to see you), 4 gnolls and an orc (unable
to see you).

Vanquished Creatures
  Jessica (D:3)
  4 gnolls
  An adder (D:3)
  3 dart slugs
  A ribbon worm (D:2)
  An orc (D:3)
  6 ball pythons
  3 bats
  3 endoplasms
  2 giant cockroaches (D:2)
  9 hobgoblins
  2 quokkas
  3 frilled lizards (D:3)
  6 goblins
  3 kobolds (D:1)
  4 rats
52 creatures vanquished.

Notes
Turn   | Place    | Note
-------+----------+-------------------------------------------
     0 | D:1      | MachoJfn the Demonspawn Gladiator began the quest for the
                  | Orb.
     0 | D:1      | Reached XP level 1. HP: 16/16 MP: 1/1
   197 | D:1      | Gained mutation: You have a pair of small horns on your
                  | head. [demonic ancestry]
   197 | D:1      | Reached XP level 2. HP: 22/22 MP: 2/2
   589 | D:1      | Found a faded altar of an unknown god.
   606 | D:1      | Prayed at the altar of an unknown god.
   606 | D:1      | Became a worshipper of Lugonu the Unformed
   606 | D:1      | Reached * piety under Lugonu
  1009 | D:2      | Found Laekec's Weapon Emporium.
  1051 | D:2      | Gained mutation: A meltable shield of frost defends you.
                  | (SH +4) [demonic ancestry]
  1051 | D:2      | Reached XP level 3. HP: 25/28 MP: 3/3
  1084 | D:2      | Identified the +2 leather armour "Gocerphyk" {Dex+2}
  1487 | D:2      | Reached skill level 1 in Armour
  1493 | D:2      | Reached XP level 4. HP: 11/34 MP: 4/4
  1751 | D:3      | Noticed Jessica
  2027 | D:3      | Found a hide-covered altar of Uskayaw.
  2156 | D:3      | Killed Jessica
  2164 | D:3      | Reached ** piety under Lugonu
  2548 | D:3      | Found a burning altar of Makhleb.
  2767 | D:4      | Found a hazy altar of Hepliaklqana.
  2770 | D:4      | Noticed a gnoll sergeant
  2780 | D:4      | Slain by a gnoll sergeant

Illustrated notes

Levels and vault maps discovered:
D:1:      amcnicky_arrival_choice, layout_basic, basic_ecumenical_altar
D:2:      layout_basic, serial_shops, shop
D:3:      layout_basic, eat_drink_and_be_merry_uskayaw,
          mainiacjoe_overflow_tiny_flanked, kennysheep_cluttered_room,
          uniq_jessica
D:4:      layout_loops_corners, nicolae_overflow_hidden_temple,
          kennysheep_okawaru_gauntlet, mainiacjoe_overflow_small_starburst,
          serial_shops, shop, uniq_crazy_yiuf_cottage

Skill      XL: |  1  2  3 |
---------------+----------+-----
Axes           | 3 |  3.9
Dodging        | 3 |  3.3
Armour         | 1 |  1.6
Fighting       | |  2.6
Throwing       | |  1.7
Stealth        | |  0.4
Shields        | |  0.2

Action                     |  1- 3 |  4- 6 || total
---------------------------+-------+-------++-------
  Melee: War axe           |    79 |    46 ||   125
         Headbutt          |     7 |     7 ||    14
    Use: Scroll            |     6 |       ||     6
         Potion            |       |     1 ||     1
   Stab: Sleeping          |     1 |       ||     1
         Distracted        |       |     1 ||     1
 Armour: Leather armour    |    78 |    40 ||   118
  Dodge: Dodged            |    74 |    43 ||   117
  Block: Other             |     6 |    13 ||    19

Table legend: (Time is in decaauts)
 A = Elapsed time spent in this place.
 B = Non-inter-level travel time spent in this place.
 C = Inter-level travel time spent in this place.
 D = Time resting spent in this place.
 E = Time spent auto-exploring this place.
 F = Levels seen in this place.
 G = Mean time per level.
                   A        B        C        D        E       F      G
               +--------+--------+--------+--------+--------+-----+--------+
         Total |   2861 |   2294 |    567 |    152 |   1441 |   4 |  715.2 |
       Dungeon |   2861 |   2294 |    567 |    152 |   1441 |   4 |  715.2 |
               +--------+--------+--------+--------+--------+-----+--------+

Top non-repeatable levels by time:
     D:2: 1075 daAuts
     D:3: 942 daAuts
     D:1: 828 daAuts
     D:4: 16 daAuts
